[Event "WYCC U14 Girls 2019"]
[Site "Mumbai"]
[Date "2019.10.03"]
[Round "2.1"]
[White "Bhagyashree Patil"]
[Black "Divya Deshmukh"]
[Result "0-1"]
[ECO "B59"]
[WhiteElo "1802"]
[BlackElo "2358"]
[Annotator "NA"]
[PlyCount "60"]
[EventDate "2019.10.02"]
[EventType "swiss"]
[EventCountry "IND"]
[SourceTitle "playchess.com"]
[Source "ChessBase"]
[SourceQuality "1"]
[TimeControl "40/5400+30:1800+30"]

1. e4 c5 2. Nf3 d6 3. d4 cxd4 4. Nxd4 Nf6 5. Nc3 Nc6 6. Be2 e5 7. Nb3 Be7 8. O-O O-O 9. Be3 Be6 10. f3 a5 11. Nd5 Bxd5 12. exd5 Nb4 13. c4 Nd7 14. f4 Bf6 15. Qd2 b6 16. Rf3 Re8 17. f5 Na6 18. Rh3 a4 19. Nc1 e4 20. Rb1 Nac5 21. b4 axb3 22. axb3 Ne5 23. Na2 Qd7 24. g4 Nf3+ 25. Bxf3 exf3 26. Rxf3 Qe7 27. g5 Qe4 28. Rbf1 Nxb3 29. Qf2 Bd4 30. Re1 Rxa2 0-1

[Event "WYCC U14 Girls 2019"]
[Site "Mumbai"]
[Date "2019.10.03"]
[Round "2.2"]
[White "Rakshitta Ravi"]
[Black "Alekseenko, Mariya"]
[Result "1-0"]
[ECO "B47"]
[WhiteElo "2310"]
[BlackElo "1767"]
[Annotator "NA"]
[PlyCount "47"]
[EventDate "2019.10.02"]
[EventType "swiss"]
[EventCountry "IND"]
[SourceTitle "playchess.com"]
[Source "ChessBase"]
[SourceQuality "1"]
[TimeControl "40/5400+30:1800+30"]

1. e4 c5 2. Nf3 e6 3. d4 cxd4 4. Nxd4 Nc6 5. Nc3 Qc7 6. g3 a6 7. Bg2 Nf6 8. O-O Be7 9. Re1 O-O 10. Nxc6 dxc6 11. e5 Nd5 12. Qg4 Rd8 13. Bh6 Bf8 14. Bg5 Be7 15. Rad1 Bxg5 16. Qxg5 b5 17. Ne4 h6 18. Qh4 Bb7 19. Nd6 Rxd6 20. exd6 Qxd6 21. c3 Qc7 22. Qd4 Rc8 23. Qc5 Qb6 24. Rxd5 1-0

[Event "WYCC U14 Girls 2019"]
[Site "Mumbai"]
[Date "2019.10.03"]
[Round "2.3"]
[White "Chinnam Vyshnavi"]
[Black "Allahverdiyeva, Ayan"]
[Result "0-1"]
[ECO "D00"]
[WhiteElo "1745"]
[BlackElo "2160"]
[Annotator "NA"]
[PlyCount "68"]
[EventDate "2019.10.02"]
[EventType "swiss"]
[EventCountry "IND"]
[SourceTitle "playchess.com"]
[Source "ChessBase"]
[SourceQuality "1"]
[TimeControl "40/5400+30:1800+30"]

1. d4 d5 2. Bf4 Nf6 3. e3 c5 4. dxc5 e6 5. b4 a5 6. c3 Nc6 7. Bb5 Bd7 8. a4 axb4 9. Bxc6 Bxc6 10. cxb4 b6 11. Nd2 d4 12. Ngf3 dxe3 13. Bxe3 Nd5 14. b5 Nxe3 15. fxe3 Bxf3 16. Qxf3 Bxc5 17. O-O O-O 18. Ne4 Be7 19. Rfd1 Qc7 20. Rac1 Qe5 21. Rc4 f5 22. Nd2 Bc5 23. Nf1 f4 24. Re4 Qg5 25. Qh3 fxe3 26. Qxe6+ Kh8 27. Nxe3 Rf3 28. Re1 Raf8 29. Re5 Qh4 30. g3 Rxg3+ 31. Kh1 Rg6 32. Nf5 Qf2 33. Qd5 Qg1+ 34. Rxg1 Rxg1# 0-1

[Event "WYCC U14 Girls 2019"]
[Site "Mumbai"]
[Date "2019.10.03"]
[Round "2.4"]
[White "Nasyrova, Ekaterina"]
[Black "Zavivaeva, Emilia"]
[Result "1-0"]
[ECO "A05"]
[WhiteElo "2137"]
[BlackElo "1745"]
[Annotator "NA"]
[PlyCount "41"]
[EventDate "2019.10.02"]
[EventType "swiss"]
[EventCountry "IND"]
[SourceTitle "playchess.com"]
[Source "ChessBase"]
[SourceQuality "1"]
[TimeControl "40/5400+30:1800+30"]

1. Nf3 Nf6 2. c4 e6 3. e3 d5 4. Nc3 dxc4 5. Bxc4 Be7 6. O-O O-O 7. d4 c5 8. Qe2 cxd4 9. Nxd4 Nc6 10. Nxc6 bxc6 11. e4 Bb7 12. Be3 Qc7 13. Rac1 Rfd8 14. Rc2 c5 15. f3 Bd6 16. g3 a6 17. Qf2 Rac8 18. Rfc1 Be5 19. Ne2 Qa5 20. Bb3 Nd7 21. Rd1 1-0

[Event "WYCC U14 Girls 2019"]
[Site "Mumbai"]
[Date "2019.10.03"]
[Round "2.5"]
[White "Velpula Sarayu"]
[Black "Roebers, Eline"]
[Result "0-1"]
[ECO "A48"]
[WhiteElo "1717"]
[BlackElo "2083"]
[Annotator "NA"]
[PlyCount "44"]
[EventDate "2019.10.02"]
[EventType "swiss"]
[EventCountry "IND"]
[SourceTitle "playchess.com"]
[Source "ChessBase"]
[SourceQuality "1"]
[TimeControl "40/5400+30:1800+30"]

1. d4 Nf6 2. Nf3 g6 3. Bf4 Bg7 4. c3 O-O 5. h3 d6 6. Nbd2 b6 7. e3 Bb7 8. Be2 Nfd7 9. O-O e5 10. Bh2 Nc6 11. a4 a5 12. Bb5 Qe7 13. Rc1 e4 14. Ne1 Nd8 15. Nc2 f5 16. Na3 Kh8 17. Bc4 Nf6 18. Be2 Ne6 19. Re1 Bh6 20. Bf1 f4 21. exf4 Nxf4 22. f3 Rae8 0-1

[Event "WYCC U14 Girls 2019"]
[Site "Mumbai"]
[Date "2019.10.03"]
[Round "2.6"]
[White "Bevanda, Ema"]
[Black "Poliakova, Varvara"]
[Result "0-1"]
[ECO "A41"]
[WhiteElo "1710"]
[BlackElo "2042"]
[Annotator "NA"]
[PlyCount "57"]
[EventDate "2019.10.02"]
[EventType "swiss"]
[EventCountry "IND"]
[SourceTitle "playchess.com"]
[Source "ChessBase"]
[SourceQuality "1"]
[TimeControl "40/5400+30:1800+30"]

1. d4 d6 2. Bf4 f5 3. e3 Nf6 4. Nf3 g6 5. Nbd2 Bg7 6. c3 Nc6 7. Be2 O-O 8. Qb3+ e6 9. O-O Kh8 10. Rad1 Qe7 11. Nc4 Ne4 12. h3 e5 13. dxe5 dxe5 14. Bh2 Rb8 15. Qc2 Bf6 16. Bd3 Nc5 17. Be2 a6 18. Ncd2 Be6 19. b4 Nd7 20. Bc4 Nb6 21. Bxe6 Qxe6 22. Nb3 Be7 23. Bg3 h6 24. Ne1 f4 25. exf4 exf4 26. Bh2 Bd6 27. Nf3 Rbe8 28. Nbd4 Nxd4 29. Nxd4 0-1

[Event "WYCC U14 Girls 2019"]
[Site "Mumbai"]
[Date "2019.10.03"]
[Round "2.7"]
[White "Pavalachandran, Ashvini"]
[Black "Dhyana Patel"]
[Result "0-1"]
[ECO "D86"]
[WhiteElo "1678"]
[BlackElo "1995"]
[Annotator "NA"]
[PlyCount "72"]
[EventDate "2019.10.02"]
[EventType "swiss"]
[EventCountry "IND"]
[SourceTitle "playchess.com"]
[Source "ChessBase"]
[SourceQuality "1"]
[TimeControl "40/5400+30:1800+30"]

1. d4 Nf6 2. c4 g6 3. Nc3 d5 4. cxd5 Nxd5 5. e4 Nxc3 6. bxc3 Bg7 7. Bc4 c5 8. Ne2 O-O 9. O-O Nc6 10. Be3 Bg4 11. f3 Bd7 12. Qd2 Rc8 13. Rac1 Qa5 14. Qb2 b6 15. Rfd1 Rfd8 16. Rf1 Rf8 17. Rfd1 Rfd8 18. e5 Be8 19. f4 e6 20. Ng3 Ne7 21. Ne4 Nf5 22. Qf2 cxd4 23. cxd4 Qb4 24. Bb3 Bc6 25. Rc4 Qa5 26. Rdc1 Bb7 27. Ng5 Rxc4 28. Bxc4 Qa3 29. Bb3 Bd5 30. Rc3 h6 31. Nf3 Bf8 32. Nd2 Qb4 33. Nb1 Bxb3 34. Rxb3 Qa4 35. Nc3 Qa6 36. g4 Nxe3 0-1

[Event "WYCC U14 Girls 2019"]
[Site "Mumbai"]
[Date "2019.10.03"]
[Round "2.8"]
[White "Obada, Ema"]
[Black "Zhuang, Yongzhe"]
[Result "1-0"]
[ECO "C42"]
[WhiteElo "1987"]
[BlackElo "1696"]
[Annotator "NA"]
[PlyCount "103"]
[EventDate "2019.10.02"]
[EventType "swiss"]
[EventCountry "IND"]
[SourceTitle "playchess.com"]
[Source "ChessBase"]
[SourceQuality "1"]
[TimeControl "40/5400+30:1800+30"]

1. e4 e5 2. Nf3 Nf6 3. Nxe5 d6 4. Nd3 Nxe4 5. Qe2 Qe7 6. Nf4 Nc6 7. c3 Nf6 8. d4 g5 9. Nd3 Rg8 10. Qxe7+ Nxe7 11. Nd2 Be6 12. f3 O-O-O 13. Ne4 Nxe4 14. fxe4 f5 15. e5 Nc6 16. exd6 Bxd6 17. Bd2 f4 18. Kd1 Bd5 19. Kc2 f3 20. gxf3 Bxf3 21. Rg1 Bxh2 22. Rxg5 h5 23. Bh3+ Bg4 24. Rxh5 Bd6 25. Bxg4+ Rxg4 26. Rah1 b6 27. Rh8 Rgg8 28. Rxg8 Rxg8 29. Rf1 Rg7 30. Rf2 a5 31. Bf4 Bxf4 32. Nxf4 Rf7 33. Nd3 Rd7 34. Rf6 Rd6 35. Rxd6 cxd6 36. Nf4 b5 37. Kd3 Kb7 38. Nd5 Na7 39. b4 Nc6 40. a3 Kc8 41. Ke4 Kd7 42. Ne3 Kc8 43. Nd5 Kd7 44. Ne3 axb4 45. cxb4 Ne7 46. Nd5 Nc6 47. Nc3 Na7 48. Kd5 Ke7 49. Ne4 Nc8 50. Kc6 Ke6 51. Nc3 Ne7+ 52. Kxb5 {[%emt 0:00:00] Kd5} 1-0

[Event "WYCC U14 Girls 2019"]
[Site "Mumbai"]
[Date "2019.10.03"]
[Round "2.9"]
[White "Yash Jyoti Bir"]
[Black "Hakobyan, Astghik"]
[Result "0-1"]
[ECO "C07"]
[WhiteElo "1640"]
[BlackElo "1978"]
[Annotator "NA"]
[PlyCount "41"]
[EventDate "2019.10.02"]
[EventType "swiss"]
[EventCountry "IND"]
[SourceTitle "playchess.com"]
[Source "ChessBase"]
[SourceQuality "1"]
[TimeControl "40/5400+30:1800+30"]

1. e4 e6 2. d4 d5 3. Nd2 c5 4. exd5 Qxd5 5. dxc5 Bxc5 6. Ngf3 Nf6 7. Bc4 Qc6 8. Qe2 a6 9. Nb3 Ba7 10. Bg5 Nbd7 11. O-O-O O-O 12. Bxf6 Nxf6 13. Bd3 b5 14. g4 Bb7 15. Nfd4 Bxd4 16. Nxd4 Qd5 17. Nb3 Qg5+ 18. Kb1 Bxh1 19. Rxh1 Qxg4 20. f3 Qh5 21. Rg1 0-1

[Event "WYCC U14 Girls 2019"]
[Site "Mumbai"]
[Date "2019.10.03"]
[Round "2.10"]
[White "Wikar, Martyna"]
[Black "Renganayaki V"]
[Result "1-0"]
[ECO "B00"]
[WhiteElo "1969"]
[BlackElo "1641"]
[Annotator "NA"]
[PlyCount "131"]
[EventDate "2019.10.02"]
[EventType "swiss"]
[EventCountry "IND"]
[SourceTitle "playchess.com"]
[Source "ChessBase"]
[SourceQuality "1"]
[TimeControl "40/5400+30:1800+30"]

1. e4 b6 2. Nf3 Bb7 3. Nc3 e6 4. d4 Bb4 5. Bd3 Nf6 6. Qe2 d5 7. exd5 Qxd5 8. Bd2 Bxc3 9. Bxc3 Nbd7 10. b3 Ne4 11. Bb2 Qa5+ 12. Nd2 Nxd2 13. Qxd2 Qxd2+ 14. Kxd2 O-O-O 15. Rae1 Nf6 16. f3 Nd5 17. Rhg1 Nb4 18. a3 Nxd3 19. Kxd3 c5 20. Ke3 cxd4+ 21. Bxd4 f6 22. Bb2 e5 23. g4 Rhe8 24. h4 Rd7 25. h5 g6 26. f4 gxh5 27. gxh5 exf4+ 28. Kxf4 Rxe1 29. Rxe1 Rd5 30. Bxf6 Rxh5 31. Re8+ Kd7 32. Re7+ Kc6 33. Be5 Rh4+ 34. Kg5 Rh1 35. c4 Rg1+ 36. Kf4 Rf1+ 37. Kg3 b5 38. Rc7+ Kb6 39. c5+ Ka6 40. c6 Bxc6 41. Rxc6+ Kb7 42. Rc7+ Ka6 43. Rc6+ Kb7 44. Rc7+ Kb6 45. Rxh7 Rb1 46. b4 Rb3+ 47. Kf4 Rxa3 48. Bd4+ Kc6 49. Rxa7 Rb3 50. Bc5 Kd5 51. Rd7+ Kc4 52. Rd4+ Kc3 53. Ke5 Rb1 54. Rh4 Rd1 55. Rf4 Rd3 56. Ke6 Rd1 57. Bd6 Kb3 58. Kd7 Ka4 59. Kc6 Rc1+ 60. Bc5 Rh1 61. Rf6 Rd1 62. Rf4 Rh1 63. Rf6 Rd1 64. Rf8 Rh1 65. Ra8+ Kb3 66. Kxb5 1-0

[Event "WYCC U14 Girls 2019"]
[Site "Mumbai"]
[Date "2019.10.03"]
[Round "3.1"]
[White "Divya Deshmukh"]
[Black "Wikar, Martyna"]
[Result "1/2-1/2"]
[ECO "A44"]
[WhiteElo "2358"]
[BlackElo "1969"]
[Annotator "NA"]
[PlyCount "120"]
[EventDate "2019.10.02"]
[EventType "swiss"]
[EventCountry "IND"]
[SourceTitle "playchess.com"]
[Source "ChessBase"]
[SourceQuality "1"]
[TimeControl "40/5400+30:1800+30"]

1. d4 c5 2. d5 e5 3. e4 d6 4. Nc3 Be7 5. g3 Nf6 6. Bg2 O-O 7. Nge2 Nbd7 8. h3 Ne8 9. Qd3 a6 10. a4 g6 11. g4 Ng7 12. h4 Nf6 13. g5 Nfh5 14. Ng3 Nxg3 15. fxg3 Bg4 16. O-O f6 17. gxf6 Bxf6 18. Bh6 Qd7 19. a5 Be7 20. b3 Rxf1+ 21. Rxf1 Rf8 22. Rxf8+ Bxf8 23. Bxg7 Bxg7 24. Na4 Qb5 25. Qd2 Qe2 26. Qxe2 Bxe2 27. Nb2 Bh6 28. Kf2 Bb5 29. Ke1 Kf7 30. Bh3 Ke7 31. Nd1 Bd7 32. Bxd7 Kxd7 33. Nb2 Bc1 34. Nc4 h5 35. Kd1 Bh6 36. Ke2 g5 37. g4 gxh4 38. gxh5 h3 39. Kf1 Ke7 40. Kf2 Bf4 41. Kf3 Kd7 42. c3 Ke7 43. Kf2 Kd7 44. Kf3 Ke7 45. Kf2 Kd7 46. Nb2 Ke7 47. Nc4 Kd7 48. Kg1 Ke7 49. Kf1 Kd7 50. Kf2 Ke7 51. Kf3 Kd7 52. Nb2 Ke7 53. Nc4 Kd7 54. h6 h2 55. Kg2 h1=Q+ 56. Kxh1 Bxh6 57. Kg2 Bg5 58. Kg3 Bf4+ 59. Kg4 Ke7 60. Kf5 Bg3 1/2-1/2

[Event "WYCC U14 Girls 2019"]
[Site "Mumbai"]
[Date "2019.10.03"]
[Round "3.5"]
[White "Roebers, Eline"]
[Black "Sulyok, Eszter"]
[Result "1-0"]
[ECO "A48"]
[WhiteElo "2083"]
[BlackElo "1893"]
[Annotator "NA"]
[PlyCount "184"]
[EventDate "2019.10.02"]
[EventType "swiss"]
[EventCountry "IND"]
[SourceTitle "playchess.com"]
[Source "ChessBase"]
[SourceQuality "1"]
[TimeControl "40/5400+30:1800+30"]

1. d4 Nf6 2. Nf3 g6 3. Bf4 Bg7 4. c3 O-O 5. h3 d6 6. Nbd2 b6 7. e3 Bb7 8. Be2 Nfd7 9. O-O e5 10. Bh2 Nc6 11. a4 a5 12. Bb5 Qe7 13. Rc1 e4 14. Ne1 Nd8 15. Nc2 f5 16. Na3 Kh8 17. Bc4 Nf6 18. Be2 Ne6 19. Re1 Bh6 20. Bf1 f4 21. exf4 Nxf4 22. f3 Rae8 23. Bb5 c6 24. Bf1 e3 25. Bxf4 Bxf4 26. Rc2 Nh5 27. Bd3 Bg3 28. Re2 Bf2+ 29. Kh2 Nf4 30. Nf1 Nxe2 31. Rxe2 Qf6 32. Nc2 Qf4+ 33. Kh1 Re7 34. Qc1 c5 35. b3 Qh4 36. Nh2 Bg3 37. Qg1 Bxh2 38. Qxh2 Qf6 39. Qg1 Rfe8 40. Bb5 Rf8 41. Rxe3 Qg5 42. Rxe7 Qxe7 43. Na3 Bd5 44. Qd1 Qf7 45. Bc4 Bxc4 46. Nxc4 Qc7 47. Qd2 Kg7 48. Ne3 Qf7 49. Nc4 Qf4 50. Qxf4 Rxf4 51. dxc5 dxc5 52. Nxb6 Rf7 53. Nc4 Ra7 54. Kg1 Kf6 55. Kf2 Ke6 56. Ke3 Kd5 57. f4 Re7+ 58. Kd3 Re1 59. Ne3+ Kc6 60. Kd2 Ra1 61. Kd3 Ra2 62. g4 Rh2 63. f5 gxf5 64. gxf5 Rxh3 65. Ke4 Kd6 66. Kf4 Ke7 67. Nd5+ Kf7 68. Ke5 Rf3 69. Ke4 Rf2 70. b4 cxb4 71. cxb4 Ra2 72. bxa5 Rxa4+ 73. Kf3 Rxa5 74. Ne3 Ra4 75. Kg3 Kf6 76. Kf3 h5 77. Kg3 Kg5 78. Kf3 h4 79. Kg2 Kf4 80. Nf1 Kxf5 81. Nh2 Ra3 82. Nf1 h3+ 83. Kh2 Kg4 84. Kg1 Ra2 85. Nh2+ Kg3 86. Nf1+ Kh4 87. Nh2 Rg2+ 88. Kh1 Kg3 89. Nf3 Ra2 90. Ng1 Rb2 91. Ne2+ Rxe2 92. Kg1 Re1# 1-0

[Event "WYCC U14 Girls 2019"]
[Site "Mumbai"]
[Date "2019.10.03"]
[Round "3.6"]
[White "Poliakova, Varvara"]
[Black "Ruseva, Eva"]
[Result "1-0"]
[ECO "A02"]
[WhiteElo "2042"]
[BlackElo "1813"]
[Annotator "NA"]
[PlyCount "46"]
[EventDate "2019.10.02"]
[EventType "swiss"]
[EventCountry "IND"]
[SourceTitle "playchess.com"]
[Source "ChessBase"]
[SourceQuality "1"]
[TimeControl "40/5400+30:1800+30"]

1. f4 c5 2. Nf3 Nf6 3. g3 g6 4. Bg2 Bg7 5. d3 Nc6 6. O-O d6 7. Nc3 O-O 8. e4 Rb8 9. a4 a6 10. h3 b5 11. axb5 axb5 12. Rb1 b4 13. Ne2 e5 14. b3 Nh5 15. f5 h6 16. g4 Nf6 17. g5 hxg5 18. Nxg5 Nh7 19. Nxh7 Kxh7 20. Ng3 Qh4 21. Rf2 Bh6 22. Qe1 Bd7 23. Bf3 Be8 1-0

[Event "WYCC U14 Girls 2019"]
[Site "Mumbai"]
[Date "2019.10.03"]
[Round "3.7"]
[White "Dhyana Patel"]
[Black "Mirlankyzy, Azaliia"]
[Result "1-0"]
[ECO "C68"]
[WhiteElo "1995"]
[BlackElo "1473"]
[Annotator "NA"]
[PlyCount "113"]
[EventDate "2019.10.02"]
[EventType "swiss"]
[EventCountry "IND"]
[SourceTitle "playchess.com"]
[Source "ChessBase"]
[SourceQuality "1"]
[TimeControl "40/5400+30:1800+30"]

1. e4 e5 2. Nf3 Nc6 3. Bb5 a6 4. Bxc6 dxc6 5. O-O Bg4 6. h3 h5 7. d3 Qf6 8. Be3 Bxf3 9. Qxf3 Qxf3 10. gxf3 Bd6 11. Nd2 O-O-O 12. Rfb1 g6 13. Kf1 f5 14. Nc4 f4 15. Bd2 g5 16. Ke2 Nf6 17. Rg1 Rhg8 18. Rg2 h4 19. a4 Kd7 20. Rag1 Nh7 21. d4 Ke6 22. dxe5 Bxe5 23. Rd1 b5 24. Nxe5 Kxe5 25. Bc3+ Ke6 26. Rgg1 Rxd1 27. Rxd1 Rb8 28. axb5 axb5 29. Ra1 Kd7 30. Kd3 Nf8 31. Bf6 Ne6 32. e5 Rg8 33. Ke4 c5 34. c3 c4 35. Kf5 Nc5 36. e6+ Kc6 37. e7 Kd7 38. Rd1+ Nd3 39. b3 Ke8 40. bxc4 bxc4 41. Ke6 Nc5+ 42. Kf5 Nd3 43. Rd2 Kf7 44. Re2 Nc1 45. Re4 Nd3 46. Rxc4 c5 47. Bxg5 Nxf2 48. Bxh4 Nxh3 49. Rxc5 Rh8 50. Kg4 Ng1 51. Rf5+ Ke8 52. Rxf4 Ne2 53. Rc4 Kf7 54. Rc7 Re8 55. Kf5 Ra8 56. e8=Q+ Kxe8 57. Re7+ 1-0

[Event "WYCC U14 Girls 2019"]
[Site "Mumbai"]
[Date "2019.10.03"]
[Round "3.8"]
[White "Ince, Safiye Oyku"]
[Black "Obada, Ema"]
[Result "1-0"]
[ECO "C05"]
[WhiteElo "1840"]
[BlackElo "1987"]
[Annotator "NA"]
[PlyCount "63"]
[EventDate "2019.10.02"]
[EventType "swiss"]
[EventCountry "IND"]
[SourceTitle "playchess.com"]
[Source "ChessBase"]
[SourceQuality "1"]
[TimeControl "40/5400+30:1800+30"]

1. e4 e6 2. d4 d5 3. Nd2 Nf6 4. e5 Nfd7 5. f4 c5 6. c3 b6 7. Ndf3 Be7 8. Bd3 g6 9. Ne2 Ba6 10. Bb1 Nc6 11. O-O b5 12. g4 Qb6 13. Rf2 O-O-O 14. a4 b4 15. cxb4 cxb4 16. a5 Qb7 17. f5 gxf5 18. gxf5 Rdg8+ 19. Kh1 Bxe2 20. Qxe2 Rg4 21. Bd3 Ndb8 22. Be3 h5 23. Rc1 Kd7 24. h3 Rg3 25. Kh2 Rhg8 26. f6 Bd8 27. Bh7 Bxa5 28. Bxg8 Rxg8 29. Ng5 Nd8 30. Qxh5 Ke8 31. Rg1 Bc7 32. Nxf7 1-0

[Event "WYCC U14 Girls 2019"]
[Site "Mumbai"]
[Date "2019.10.03"]
[Round "3.9"]
[White "Cassi, Elisa"]
[Black "Mungunzul, Bat-Erdene"]
[Result "0-1"]
[ECO "D05"]
[WhiteElo "1803"]
[BlackElo "1912"]
[Annotator "NA"]
[PlyCount "74"]
[EventDate "2019.10.02"]
[EventType "swiss"]
[EventCountry "IND"]
[SourceTitle "playchess.com"]
[Source "ChessBase"]
[SourceQuality "1"]
[TimeControl "40/5400+30:1800+30"]

1. d4 d5 2. e3 Nf6 3. Bd3 c5 4. c3 Nbd7 5. Nd2 e5 6. dxe5 Nxe5 7. Bb5+ Bd7 8. Bxd7+ Qxd7 9. Ndf3 Ng6 10. Ne2 Bd6 11. b3 O-O 12. Bb2 Rfd8 13. Qc2 Qg4 14. O-O Nh4 15. Nxh4 Bxh2+ 16. Kh1 Qxh4 17. Ng1 Bxg1+ 18. Kxg1 Ng4 19. Rfe1 Qh2+ 20. Kf1 Qh1+ 21. Ke2 Qxg2 22. Qf5 Qe4 23. Qxe4 dxe4 24. Rh1 Nxf2 25. Kxf2 Rd2+ 26. Kg3 Rxb2 27. Kf4 Re8 28. Rh5 b6 29. Rd5 Rf2+ 30. Kg4 g6 31. Rd7 Rf3 32. Rd5 Rf2 33. Rd7 Rf3 34. Rxa7 h5+ 35. Kg5 Kg7 36. Re1 Re5+ 37. Kh4 Kh6 0-1

[Event "WYCC U14 Girls 2019"]
[Site "Mumbai"]
[Date "2019.10.03"]
[Round "3.10"]
[White "Croisille, Shanti"]
[Black "Omonova, Umida"]
[Result "0-1"]
[ECO "B36"]
[WhiteElo "1639"]
[BlackElo "2078"]
[Annotator "NA"]
[PlyCount "72"]
[EventDate "2019.10.02"]
[EventType "swiss"]
[EventCountry "IND"]
[SourceTitle "playchess.com"]
[Source "ChessBase"]
[SourceQuality "1"]
[TimeControl "40/5400+30:1800+30"]

1. e4 c5 2. Nf3 Nc6 3. d4 cxd4 4. Nxd4 g6 5. c4 Nf6 6. Nc3 d6 7. Be2 Nxd4 8. Qxd4 Bg7 9. Be3 O-O 10. Qd2 Be6 11. Rc1 a5 12. b3 a4 13. f3 axb3 14. axb3 Qa5 15. O-O Rfc8 16. Rb1 Nd7 17. Rbc1 Nf6 18. Rb1 Nd7 19. Rfc1 h5 20. Bf1 Qb4 21. Rc2 Nc5 22. Rcc1 Nd7 23. Rc2 Nc5 24. Nd5 Qxd2 25. Rxd2 Bxd5 26. Rxd5 Ra3 27. Bd4 Bxd4+ 28. Rxd4 Rxb3 29. Rxb3 Nxb3 30. Rd3 Nc5 31. Ra3 Rc6 32. Kf2 Kg7 33. Ke3 Rb6 34. Ra2 Rb3+ 35. Kd2 Kf6 36. f4 Nxe4+ 0-1

[Event "WYCC U14 Girls 2019"]
[Site "Mumbai"]
[Date "2019.10.03"]
[Round "3.11"]
[White "Swara Lakshmi S Nair"]
[Black "Kamalidenova, Meruert"]
[Result "0-1"]
[ECO "B90"]
[WhiteElo "1536"]
[BlackElo "2025"]
[Annotator "NA"]
[PlyCount "104"]
[EventDate "2019.10.02"]
[EventType "swiss"]
[EventCountry "IND"]
[SourceTitle "playchess.com"]
[Source "ChessBase"]
[SourceQuality "1"]
[TimeControl "40/5400+30:1800+30"]

1. e4 c5 2. Nf3 d6 3. d4 cxd4 4. Nxd4 Nf6 5. Nc3 a6 6. Bc4 e6 7. O-O b5 8. Bb3 Be7 9. f4 Qc7 10. Be3 Nc6 11. Qf3 Nxd4 12. Bxd4 Bb7 13. a3 O-O 14. Rad1 Nd7 15. f5 e5 16. Be3 Rac8 17. Kh1 Nf6 18. Rfe1 Qb8 19. Bc1 a5 20. Qg3 Rxc3 21. bxc3 Nxe4 22. Rxe4 Bxe4 23. Qg4 Qb7 24. Bh6 g6 25. fxg6 hxg6 26. Rf1 d5 27. Bxf8 Bxf8 28. a4 bxa4 29. Bxa4 Qa6 30. Qd1 Kg7 31. Be8 f6 32. Re1 Qc4 33. Qg4 Qxc3 34. Qd7+ Kh6 35. Rg1 Bc5 36. Rc1 Qe3 37. Rf1 a4 38. Qg4 Bf5 39. Qh4+ Kg7 40. Qxa4 Qe2 41. Bb5 Qd2 42. Qa6 Qxc2 43. Qb7+ Kh6 44. Qb8 Kg5 45. Qh8 Bf2 46. Qd8 d4 47. Bd7 Qe2 48. h4+ Bxh4 49. Rf3 Bf2 50. Bxf5 Qf1+ 51. Kh2 Qg1+ 52. Kh3 Qh1# 0-1

[Event "WYCC U14 Girls 2019"]
[Site "Mumbai"]
[Date "2019.10.03"]
[Round "3.12"]
[White "Ishvi Aggarwal"]
[Black "Ananya Arumbakkam"]
[Result "1-0"]
[ECO "E04"]
[WhiteElo "1935"]
[BlackElo "1583"]
[Annotator "NA"]
[PlyCount "49"]
[EventDate "2019.10.02"]
[EventType "swiss"]
[EventCountry "IND"]
[SourceTitle "playchess.com"]
[Source "ChessBase"]
[SourceQuality "1"]
[TimeControl "40/5400+30:1800+30"]

1. d4 d5 2. c4 e6 3. Nf3 Nf6 4. g3 dxc4 5. Bg2 a6 6. Ne5 c5 7. Nxc4 Be7 8. O-O O-O 9. dxc5 Bxc5 10. Nc3 Qc7 11. Bf4 Bxf2+ 12. Rxf2 Qxc4 13. Bd6 Bd7 14. Bxf8 Kxf8 15. Qd6+ Kg8 16. Bxb7 Ne8 17. Qe7 f6 18. Bxa8 h5 19. Rd1 Qc8 20. Bf3 Bc6 21. Rd8 Qb7 22. Rxe8+ Kh7 23. Qxe6 Bxf3 24. Qf5+ Kh6 25. Rh8# 1-0

[Event "WYCC U14 Girls 2019"]
[Site "Mumbai"]
[Date "2019.10.04"]
[Round "4.1"]
[White "Dhyana Patel"]
[Black "Roebers, Eline"]
[Result "1/2-1/2"]
[ECO "B48"]
[WhiteElo "1995"]
[BlackElo "2083"]
[Annotator "NA"]
[PlyCount "108"]
[EventDate "2019.10.02"]
[EventType "swiss"]
[EventCountry "IND"]
[SourceTitle "playchess.com"]
[Source "ChessBase"]
[SourceQuality "1"]
[TimeControl "40/5400+30:1800+30"]

1. e4 c5 2. Nf3 e6 3. d4 cxd4 4. Nxd4 Nc6 5. Nc3 Qc7 6. Be3 a6 7. Qd2 Nf6 8. O-O-O Be7 9. f3 b5 10. Nxc6 dxc6 11. g4 O-O 12. Qf2 e5 13. h4 Be6 14. g5 Nh5 15. Bh3 Qc8 16. Qd2 Qc7 17. Qf2 Qc8 18. Qh2 Bxh3 19. Qxh3 Qxh3 20. Rxh3 Rfd8 21. Rxd8+ Rxd8 22. Ne2 Bd6 23. Rh1 Bc7 24. b3 f6 25. Kb2 Kf7 26. Rg1 Bd6 27. c3 Ke6 28. Kc2 f5 29. Rf1 Rf8 30. Rf2 f4 31. Bd2 Ng3 32. Rg2 Nf1 33. Nc1 Nxd2 34. Kxd2 Rd8 35. Nd3 Be7 36. Kc2 a5 37. Rg1 Rd7 38. Rg2 Rd8 39. Rg1 Bd6 40. Rg2 Bc7 41. Rg1 Bb6 42. Rg2 Be3 43. Rg4 Rc8 44. Rg2 Rc7 45. Rg4 c5 46. c4 b4 47. Rg2 Ra7 48. Nb2 Bd4 49. Na4 Ra6 50. Kc1 Kf7 51. h5 Rd6 52. Kc2 Be3 53. Nb2 Bd4 54. Na4 Rc6 1/2-1/2

[Event "WYCC U14 Girls 2019"]
[Site "Mumbai"]
[Date "2019.10.04"]
[Round "4.2"]
[White "Kurmangaliyeva, Liya"]
[Black "Poliakova, Varvara"]
[Result "1/2-1/2"]
[ECO "B01"]
[WhiteElo "1936"]
[BlackElo "2042"]
[Annotator "NA"]
[PlyCount "65"]
[EventDate "2019.10.02"]
[EventType "swiss"]
[EventCountry "IND"]
[SourceTitle "playchess.com"]
[Source "ChessBase"]
[SourceQuality "1"]
[TimeControl "40/5400+30:1800+30"]

1. e4 d5 2. exd5 Qxd5 3. Nc3 Qd6 4. d4 Nf6 5. Nf3 c6 6. Ne5 Nbd7 7. Nc4 Qc7 8. Qf3 Nb6 9. Bf4 Qd8 10. Be5 Nbd5 11. Nxd5 Qxd5 12. Qd3 Ng4 13. Bg3 Bf5 14. Qe2 e6 15. f3 Nf6 16. O-O-O Bg6 17. Kb1 Be7 18. Ne5 Qa5 19. Nxg6 hxg6 20. Be5 O-O-O 21. c3 Qb6 22. Bxf6 Bxf6 23. Qc2 Qc7 24. h3 Rd7 25. Bd3 Rhd8 26. Qe2 Qf4 27. Rhe1 Kc7 28. Kc2 Re7 29. Qe4 Qg3 30. Qg4 Qxg4 31. hxg4 Ree8 32. Rh1 Rh8 33. Be4 1/2-1/2

[Event "WYCC U14 Girls 2019"]
[Site "Mumbai"]
[Date "2019.10.04"]
[Round "4.5"]
[White "Nasyrova, Ekaterina"]
[Black "Hakobyan, Astghik"]
[Result "1-0"]
[ECO "A05"]
[WhiteElo "2137"]
[BlackElo "1978"]
[Annotator "NA"]
[PlyCount "91"]
[EventDate "2019.10.02"]
[EventType "swiss"]
[EventCountry "IND"]
[SourceTitle "playchess.com"]
[Source "ChessBase"]
[SourceQuality "1"]
[TimeControl "40/5400+30:1800+30"]

1. Nf3 Nf6 2. c4 e6 3. e3 b6 4. g3 Bb7 5. Bg2 Be7 6. O-O O-O 7. b3 c5 8. Bb2 d5 9. Nc3 Nc6 10. cxd5 exd5 11. d4 Re8 12. Ne2 Ne4 13. Nf4 Ba6 14. Re1 cxd4 15. Nxd4 Nxd4 16. Bxd4 Bb4 17. Qg4 g5 18. Rec1 Bc8 19. Rxc8 Rxc8 20. Nh5 Ra8 21. Nf4 Rc8 22. Nh5 Bc3 23. Bxe4 Rxe4 24. Nf6+ Kf8 25. Nxh7+ Ke8 26. Nf6+ Kf8 27. Nxe4 Bxa1 28. Nxg5 Bxd4 29. exd4 Rc1+ 30. Kg2 Qe7 31. Qf4 Rc6 32. h4 Rg6 33. Qf5 Rd6 34. h5 Ke8 35. g4 Qd7 36. Qf4 Qe7 37. Nf3 f6 38. h6 Kd7 39. Nh4 Re6 40. Qf5 Kd6 41. Ng6 Qf7 42. h7 Qxh7 43. Qxe6+ Kxe6 44. Nf8+ Kf7 45. Nxh7 Kg7 46. Nxf6 1-0